 Dungeon Crawl Stone Soup version 0.28-a0-247-gb8bfbab023 (webtiles) character file.

Game seed: 8039336064120130783

10091 freelancePsychic the Destroyer (level 11, -1/53 HPs)
             Began as a Felid Conjurer on Aug 25, 2021.
             Was an Elder of Vehumet.
             Slain by a boulder beetle (54 damage)
             ... on level 5 of the Lair of Beasts.
             The game lasted 01:02:24 (33232 turns).

freelancePsychic the Destroyer (Felid Conjurer)    Turns: 33232, Time: 01:02:25

Health: -1/53      AC:  3    Str:  3    XL:     11   Next: 31%
Magic:  0/24       EV: 22    Int: 24    God:    Vehumet [****..]
Gold:   1105       SH:  0    Dex: 15    Spells: 11/26 levels left
                                        Lives:  0   Deaths: 4

rFire   . . .      SeeInvis +   (weapon unavailable)
rCold   + + .      Faith    .   (shield unavailable)
rNeg    . . .      Spirit   +   (armour unavailable)
rPois   +          Reflect  .   (helmet unavailable)
rElec   .          Harm     .   (cloak unavailable)
rCorr   .          Rampage  .   (gloves unavailable)
Will    +....                   (boots unavailable)
Stlth   ++++......              v - amulet of guardian spirit
HPRegen 0.17/turn               A - ring of protection from cold
MPRegen 0.19/turn               m - ring of poison resistance

@: quick
A: very small, claws 1, fangs 3, see invisible, speed 1, shaggy fur 3, stealthy
paws, no weapons or thrown items, no armour, multi-lived
a: Renounce Religion


You were on level 5 of the Lair of Beasts.
You worshipped Vehumet.
Vehumet was greatly pleased with you.
You visited 4 branches of the dungeon, and saw 21 of its levels.
You also visited: Sewer.

You collected 1105 gold pieces.

Inventory:

Jewellery
 b - a +6 ring of strength
 m - a ring of poison resistance (right paw)
 v - an amulet of guardian spirit (around neck)
 A - a ring of protection from cold (left paw)
 G - a +4 ring of slaying
 H - an amulet of reflection
Wands
 o - a wand of flame (26)
 p - a wand of polymorph (7)
 u - a wand of acid (25)
 z - a wand of charming (8)
 C - a wand of mindburst (14)
 E - a wand of paralysis (6)
Scrolls
 a - a scroll of torment
 c - 11 scrolls of teleportation {@r4}
 j - a scroll of fear
 k - 2 scrolls of silence
 l - 5 scrolls of immolation
 n - a scroll of holy word
 x - 7 scrolls of magic mapping
 y - 3 scrolls of vulnerability
Potions
 d - 8 potions of flight
 e - 4 potions of curing {@q1}
 f - a potion of invisibility
 g - 2 potions of lignification
 h - a potion of magic {unknown}
 i - 7 potions of heal wounds {@q2}
 q - a potion of attraction
 r - a potion of berserk rage {unknown}
 s - 3 potions of brilliance {unknown}
 t - 3 potions of ambrosia {unknown}
 w - 2 potions of haste {unknown}
 B - 6 potions of mutation {unknown}
 D - 2 potions of resistance {unknown}
 F - a potion of cancellation {unknown}


   Skills:
 + Level 9.0 Fighting
 - Level 10.0 Dodging
 - Level 10.0 Stealth
 - Level 8.0 Spellcasting
 + Level 11.5 Conjurations
 - Level 10.1 Hexes
 + Level 8.4 Fire Magic
 - Level 8.3 Earth Magic


You had 11 spell levels left.
You knew the following spells:

 Your Spells              Type           Power      Damage    Failure   Level
a - Magic Dart            Conj           100%       1d8       1%          1
c - Bolt of Magma         Conj/Fire/Erth 26%        4d12      1%          5
d - Fulminant Prism       Conj/Hex       28%        3d14      1%          4
e - Fireball              Conj/Fire      27%        3d12      1%          5

Your spell library contained the following spells:

 Spells                   Type           Power      Damage    Failure   Level
 Sandblast                Erth           98%        2d20      1%          1
 Passwall                 Tmut/Erth      24%        N/A       1%          2
 Searing Ray              Conj           100%       3d7       1%          2
 Dazzling Flash           Conj/Hex       100%       N/A       1%          3
 Iskenderun's Mystic Bla  Conj/Tloc      37%        2d9       1%          4
 Lee's Rapid Deconstruct  Erth           24%        3d14*     1%          5
 Animate Skeleton         Necr           18%        N/A       6%          1
 Pain                     Necr           36%        1d5       6%          1
 Gell's Gravitas          Tloc           4%         N/A       19%         3
 Lesser Beckoning         Tloc           4%         N/A       19%         3
 Teleport Other           Tloc           9%         N/A       19%         3
 Vampiric Draining        Necr           4%         2d6       19%         3
 Summon Lightning Spire   Summ/Air       9%         N/A       54%         4
 Storm Form               Tmut/Air       4%         N/A       100%        7
 Maxwell's Capacitive Co  Air            4%         ∞         100%        8


Dungeon Overview and Level Annotations

Branches:
Dungeon (13/15)            Temple (1/1) D:4            Lair (6/6) D:10
  Swamp (0/4) Lair:4        Snake (0/4) Lair:3        Slime (0/5) Lair:6
    Orc (1/2) D:10          Sewer (visited)
 Vaults: D:13-14

Altars:
Ashenzari
Cheibriados
Dithmenos
Elyvilon
Hepliaklqana
Kikubaaqudgha
Makhleb
Nemelex Xobeh
Okawaru
Qazlal
Ru
Sif Muna
Trog
Uskayaw
Vehumet
Wu Jian
Xom
Yredelemnul
Zin
The Shining One

Shops:
D:7 [

Portals:
Trove: D:11 (give 4 scrolls of fear)

Annotations:
D:7 exclusion: downstairs
D:8 Joseph
D:12 Frances
Lair:1 exclusion: oklob plant
Lair:4 exclusion: downstairs
Lair:6 exclusion: oklob plant
Orc:1 Erolcha


Innate Abilities, Weirdness & Mutations

You have sharp claws.
You have razor-sharp teeth.
You have supernaturally acute eyesight. (SInv)
You cover ground quickly. (Speed+)
Your thick and shaggy fur keeps you warm. (AC +3, rC+)
Your paws help you pounce on unaware monsters.
You are incapable of wielding weapons or throwing items.
You cannot wear armour.
You gain extra lives every three experience levels.


Message History

You die...
The dream sheep bites the fungus!
The wolf bites the fungus.
You are now level 11!
You rejoin the land of the living...
Casting: Fireball (dangerous; 1% risk of failure)
Confirm with . or Enter, or press ? or * to list all spells.
Aiming: Fireball (dangerous; 1% risk of failure)
Press: ? - help, Shift-Dir - straight line, f - boulder beetle
Aim: a boulder beetle The fireball explodes!
The fireball engulfs the boulder beetle!
The boulder beetle is lightly wounded.
The boulder beetle curls into a ball and begins rolling!
Casting: Fireball (dangerous; 1% risk of failure)
Confirm with . or Enter, or press ? or * to list all spells.
Aiming: Fireball (dangerous; 1% risk of failure)
Press: ? - help, Shift-Dir - straight line, f/p - boulder beetle
Aim: a boulder beetle (lightly wounded, rolling)
The fireball explodes!
The fireball engulfs the boulder beetle!
The boulder beetle is moderately wounded.
Casting: Fireball (dangerous; 1% risk of failure)
Confirm with . or Enter, or press ? or * to list all spells.
Aiming: Fireball (dangerous; 1% risk of failure)
Press: ? - help, Shift-Dir - straight line, f/p - boulder beetle
Aim: a boulder beetle (moderately wounded, rolling)
The fireball explodes!
The fireball engulfs the boulder beetle!!
The boulder beetle is severely wounded.
Casting: Fireball (dangerous; 1% risk of failure)
Confirm with . or Enter, or press ? or * to list all spells.
Aiming: Fireball (dangerous; 1% risk of failure)
Press: ? - help, Shift-Dir - straight line, f/p - boulder beetle
Aim: a boulder beetle (severely wounded, rolling)
The fireball explodes!
The fireball engulfs the boulder beetle!
The boulder beetle is severely wounded.
The boulder beetle hits you!!!
Ouch! That really hurt!
You die...

##..####................ ###.##
#................ #.#.#
#................
##..######.....##........
#....##.#.......####....P
##P..)#..........# #.#...
#####..............## ###...
##P.#................# #P....
#####...........@......### #.....
#.#.........#..#B#......# ###...
................○#.#....####....#
................°####....##..#..#
P...............°####..P.........
##....................P.#...##...
#..>....................#####.###
#......................## ### #
##.................#...#


You could see a boulder beetle (rolling).

Vanquished Creatures
  5 hydras
  A catoblepas (Lair:4)
  4 death yaks (Lair:3)
  3 two-headed ogres (D:10)
  A lindwurm (shapeshifter) (D:10)
  A manticore (D:10)
  A deep elf pyromancer (D:10)
  2 cyclopes
  4 black mambas
  5 elephants (Lair:3)
  Maurice (D:8)
  A water nymph (shapeshifter) (D:10)
  10 cane toads
  7 komodo dragons
  2 rime drakes
  A yaktaur (D:10)
  A troll (D:11)
  A polar bear (Lair:4)
  A slime creature (D:10)
  14 blink frogs
  2 meliai zombies
  A dream sheep (Lair:5)
  2 shadows
  8 wyverns
  2 wraiths
  42 yaks
  A vampire (D:12)
  3 basilisks
  2 steam dragons (D:10)
  2 vampire mosquitoes
  2 nagas (Lair:3)
  16 water moccasins
  2 acid dragons (D:10)
  6 orc warriors
  4 black bears
  A necrophage (D:5)
  4 sky beasts
  An ice beast (D:7)
  2 ogres
  17 wolves
  9 centaurs
  A phantom (D:6)
  4 kobold brigands
  Blork the orc (D:5)
  2 gnoll sergeants (D:10)
  14 bullfrogs
  7 scorpions
  A wyvern skeleton (D:7)
  A water moccasin skeleton (D:5)
  9 killer bees
  15 wights
  A howler monkey (D:4)
  6 electric eels
  2 bullfrog zombies (D:5)
  2 lava snakes (Lair:5)
  6 centaur zombies
  3 orc priests
  2 gnoll shamans
  3 hounds
  A jelly (D:8)
  2 centaur skeletons
  An iguana (D:5)
  8 orc wizards
  A hound skeleton (D:4)
  A howler monkey zombie (D:6)
  8 adders
  11 gnolls
  A howler monkey skeleton (D:5)
  3 shadow imps
  2 ufetubi
  5 worms
  2 dart slugs
  27 orcs
  11 ball pythons
  9 endoplasms
  4 giant cockroaches
  10 goblins
  3 hobgoblins
  4 jackals (Sewer)
  20 kobolds
  5 quokkas
  22 bats
  2 frilled lizards
  6 rats
444 creatures vanquished.

Vanquished Creatures (others)
  4 bushes
  82 fulminant prisms
  55 fungi
  109 plants
250 creatures vanquished.

Grand Total: 694 creatures vanquished

Notes
Turn   | Place    | Note
-------+----------+-------------------------------------------
     0 | D:1      | freelancePsychic the Felid Conjurer began the quest for the
                  | Orb.
     0 | D:1      | Reached XP level 1. HP: 7/7 MP: 4/4
   146 | D:1      | Reached XP level 2. HP: 11/11 MP: 3/6
   250 | D:1      | Learned a level 2 spell: Searing Ray
   500 | D:1      | Reached skill level 4 in Conjurations
   970 | D:2      | Reached XP level 3. HP: 14/14 MP: 4/7
  1035 | D:2      | Found a faded altar of an unknown god.
  1634 | D:3      | Found a glowing drain.
  1686 | Sewer    | Entered a sewer
  1980 | Sewer    | Reached skill level 1 in Fighting
  2294 | Sewer    | Reached XP level 4. HP: 19/19 MP: 6/9
  2981 | D:3      | Reached skill level 1 in Hexes
  3145 | D:3      | Reached XP level 5. HP: 22/22 MP: 5/10
  4362 | D:4      | Identified the +8 quarterstaff of the Saving Philosopher
                  | {vorpal, *Slow +Blink rElec rPois}
  4492 | D:4      | Learned a level 4 spell: Fulminant Prism
  4717 | D:4      | Gained mutation: You are covered in thick fur. (AC +2)
                  | [Felid growth]
  4717 | D:4      | Reached XP level 6. HP: 27/27 MP: 6/11
  4858 | D:4      | Reached skill level 5 in Conjurations
  4973 | D:4      | Found a staircase to the Ecumenical Temple.
  4979 | Temple   | Entered the Ecumenical Temple
  5085 | Temple   | Became a worshipper of Vehumet
  5933 | D:5      | Entered Level 5 of the Dungeon
  6093 | D:5      | Reached skill level 5 in Hexes
  6093 | D:5      | Reached XP level 7. HP: 31/31 MP: 2/12
  6349 | D:5      | Reached * piety under Vehumet
  6349 | D:5      | Offered knowledge of Freeze by Vehumet.
  6827 | D:5      | Reached skill level 6 in Conjurations
  7013 | D:5      | Noticed Blork the orc
  7015 | D:5      | Found a snail-covered altar of Cheibriados.
  7177 | D:5      | Killed Blork the orc
  7178 | D:5      | Reached XP level 8. HP: 36/36 MP: 7/13
  7401 | D:5      | Reached skill level 5 in Fighting
  8338 | D:6      | Identified a scroll of acquirement
  8338 | D:6      | Acquired a ring of poison resistance
  8501 | D:6      | Reached skill level 7 in Conjurations
  9127 | D:6      | Reached XP level 9. HP: 42/42 MP: 8/14
  9222 | D:6      | Found the +7 Singing Sword {vorpal, sonic wave}
  9476 | D:7      | Found a white marble altar of Elyvilon.
  9951 | D:7      | Found a hide-covered altar of Uskayaw.
 10005 | D:7      | Reached ** piety under Vehumet
 10005 | D:7      | Offered knowledge of Static Discharge by Vehumet.
 10117 | D:7      | Found a shadowy altar of Dithmenos.
 10396 | D:7      | Found an ornate altar of the Wu Jian Council.
 10434 | D:7      | Found Pomeid's Antique Armour Boutique.
 10698 | D:8      | Reached skill level 10 in Hexes
 10819 | D:8      | Noticed Joseph
 11074 | D:7      | Reached skill level 8 in Conjurations
 11522 | D:8      | Noticed Maurice
 11561 | D:8      | Killed Maurice
 11562 | D:8      | Reached skill level 5 in Dodging
 11562 | D:8      | Reached skill level 5 in Stealth
 11777 | D:8      | Offered knowledge of Poisonous Vapours by Vehumet.
 12143 | D:8      | Reached XP level 10. HP: 46/46 MP: 9/15
 12665 | D:9      | Reached *** piety under Vehumet
 12693 | D:9      | Reached skill level 9 in Conjurations
 13237 | D:9      | Offered knowledge of Stone Arrow by Vehumet.
 13736 | D:10     | Entered Level 10 of the Dungeon
 14043 | D:10     | Noticed a two-headed ogre
 14395 | D:10     | Reached **** piety under Vehumet
 14396 | D:10     | Reached XP level 11. HP: 30/52 MP: 6/16
 14599 | D:10     | Killed a two-headed ogre
 14606 | D:10     | Reached skill level 10 in Conjurations
 14679 | D:10     | Reached skill level 10 in Stealth
 14793 | D:10     | Noticed a two-headed ogre
 14845 | D:10     | Noticed a deep elf pyromancer
 15054 | D:10     | Killed a two-headed ogre
 15166 | D:10     | Killed a deep elf pyromancer
 15181 | D:10     | Offered knowledge of Bolt of Magma by Vehumet.
 15181 | D:10     | Noticed a two-headed ogre
 15205 | D:10     | Noticed an anaconda
 15227 | D:9      | Learned a level 5 spell: Bolt of Magma
 15434 | D:10     | Noticed a deep troll
 15434 | D:10     | an anaconda changed into a deep troll
 15946 | D:10     | Reached skill level 1 in Fire Magic
 15946 | D:10     | Reached skill level 1 in Earth Magic
 16014 | D:10     | Found a staircase to the Orcish Mines.
 16134 | D:10     | Found a staircase to the Lair.
 16151 | D:10     | Noticed a fire crab
 16151 | D:10     | Noticed an orb spider
 16151 | D:10     | a fire crab changed into an orb spider
 16168 | D:10     | Noticed a lindwurm
 16168 | D:10     | an orb spider changed into a lindwurm
 16174 | D:10     | Killed a lindwurm
 16572 | Lair:1   | Entered Level 1 of the Lair of Beasts
 16577 | Lair:1   | Noticed an oklob plant
 16727 | Lair:1   | Slain by a black mamba
 16728 | Lair:1   | Reached XP level 10. HP: -4/49 MP: 12/17
 16728 | Lair:1   | Noticed a cane toad
 17349 | Lair:1   | Killed a cane toad
 17444 | Lair:1   | Killed a black mamba
 17445 | Lair:1   | Reached XP level 11. HP: 47/52 MP: 15/19
 17597 | Lair:1   | Reached skill level 5 in Spellcasting
 18583 | Lair:1   | Slain by a wolf
 18584 | Lair:1   | Reached XP level 10. HP: 0/49 MP: 10/18
 18887 | Lair:2   | Reached skill level 5 in Fire Magic
 18921 | Lair:2   | Reached skill level 5 in Earth Magic
 19818 | Lair:3   | Noticed an elephant
 19823 | Lair:3   | Noticed an elephant
 19823 | Lair:3   | Noticed an elephant
 19824 | Lair:3   | Noticed an elephant
 19835 | Lair:3   | Killed an elephant
 19835 | Lair:3   | Killed an elephant
 19836 | Lair:3   | Reached XP level 11. HP: 52/52 MP: 13/19
 20213 | Lair:3   | Noticed a five-headed hydra
 20626 | Lair:3   | Killed a five-headed hydra
 21167 | Lair:3   | Noticed a death yak
 21175 | Lair:3   | Noticed a death yak
 21176 | Lair:3   | Noticed a death yak
 21177 | Lair:3   | Noticed a death yak
 21178 | Lair:3   | Noticed a death yak
 21200 | Lair:3   | Killed a death yak
 21200 | Lair:3   | Killed a death yak
 21204 | Lair:3   | Killed a death yak
 21343 | Lair:3   | Killed a death yak
 21663 | Lair:3   | Noticed a death yak
 22628 | Lair:3   | Found a staircase to the Snake Pit.
 23287 | Lair:2   | Gained mutation: Your thick and shaggy fur keeps you warm.
                  | (AC +3, rC+) [Felid growth]
 23287 | Lair:2   | Reached XP level 12. HP: 52/56 MP: 4/20
 24316 | Lair:4   | Found a staircase to the Swamp.
 24341 | Lair:4   | Noticed a catoblepas
 24668 | Lair:4   | Killed a catoblepas
 25663 | Lair:5   | Noticed a five-headed hydra
 25773 | Lair:5   | Noticed a four-headed hydra
 25795 | Lair:5   | Killed a four-headed hydra
 25951 | Lair:5   | Noticed a boulder beetle
 26662 | Lair:5   | Killed a five-headed hydra
 26663 | Lair:5   | Reached skill level 10 in Dodging
 27771 | Lair:5   | You fall into a shaft and drop 1 floor!
 27771 | Lair:6   | Entered Level 6 of the Lair of Beasts
 27838 | Lair:6   | Found a staircase to the Slime Pits.
 27838 | Lair:6   | Noticed a five-headed hydra
 28510 | Lair:6   | Noticed an eight-headed hydra
 28515 | Lair:6   | Killed an eight-headed hydra
 29183 | D:10     | Reached skill level 11 in Conjurations
 29262 | D:10     | Reached XP level 13. HP: 40/59 MP: 5/25
 29397 | D:10     | Found a glowing silver altar of Zin.
 29921 | D:11     | Reached ***** piety under Vehumet
 30152 | D:11     | Offered knowledge of Fireball by Vehumet.
 30292 | D:11     | Learned a level 5 spell: Fireball
 31005 | D:11     | Found a portal to a secret trove of treasure.
 31021 | D:11     | Identified the +4 broad axe of Erauson {drain, Will+}
 31972 | D:12     | Noticed Frances
 32643 | D:12     | Killed from afar by Frances
 32644 | D:12     | Reached XP level 12. HP: -5/57 MP: 0/25
 32717 | Orc:1    | Entered Level 1 of the Orcish Mines
 32722 | Orc:1    | Noticed Erolcha
 33227 | Lair:5   | HP: 1/57 [fire crab (2)]
 33227 | Lair:5   | Mangled by a fire crab
 33228 | Lair:5   | Reached XP level 11. HP: -8/53 MP: 0/24
 33232 | Lair:5   | Slain by a boulder beetle

Illustrated notes

Levels and vault maps discovered:
D:1:      lordsloth_arrival_two_stooges, layout_basic,
          chequers_serial_rivers_micro_a, minmay_pentomino_s4
D:2:      layout_loops_ring, dilly_ecumenical_altar_fadedgnrine
D:3:      layout_basic, cheibrodos_sewer_entry_bend, minmay_snake_closets
D:4:      layout_layer_cave, temple_green, minmay_bisected
D:5:      layout_cave_pools, mainiacjoe_overflow_concentric_impassable,
          kennysheep_nub, corexii_corridor_pit, uniq_blork_the_orc
D:6:      old_forge, layout_basic
D:7:      layout_basic, mainiacjoe_overflow_small_starburst,
          mainiacjoe_overflow_six_doors_small, kennysheep_mini,
          lemuel_doored_altar, serial_shops, nicolae_shop_overgrown_old_shop
D:8:      layout_loops_cross, uniq_maurice, uniq_joseph
D:9:      layout_rooms, kennysheep_pointless_box, hangedman_decor_growths
D:10:     minmay_quarter_circles, layout_basic, general_overflow_altar,
          dpeg_oklobed_lair, hangedman_misty_isle
D:11:     layout_basic, nicolae_trove_entry_free_sample
D:12:     layout_irregular_city, nicolae_straight_to_the_point, uniq_frances
D:13:     layout_irregular_city, serial_glass, glass_columns_a, glass_columns_a
Temple:   nicolae_temple_elliptical
Lair:1:   layout_small_grid, minmay_lair_oklob_chamber
Lair:2:   layout_roguey, grunt_megastairs_1, serial_bayou_shore_b,
          infiniplex_staircase_pool, serial_bayou_shore_a
Lair:3:   layout_long_grid, guppyfry_snake_entry_island, lemuel_fruit_tree
Lair:4:   layout_cave_pods, swamp_mist
Lair:5:   layout_gridlike
Lair:6:   evilmike_catoblepas_cave, layout_hall_layers,
          minmay_slime_entry_oklob_enclosed, chequers_serial_rivers_micro_c,
          worms_lemuel
Orc:1:    layout_caves, portal_ice_cave_entry_pillars_1, basic_altar,
          nicolae_shop_self_help, uniq_erolcha

Skill      XL: |  1  2  3  4  5  6  7  8  9 10 11 12 13 |
---------------+----------------------------------------+-----
Conjurations   | 4 5 6 7 8 9 10 11 | 11.5
Stealth        | 3 5 9 10 | 10.0
Fighting       | 1 2 3 4 6 8 9 |  9.0
Spellcasting   | 3 5 7 8 |  8.0
Hexes          | 2 3 5 6 9 10 | 10.1
Dodging        | 6 8 10 | 10.0
Fire Magic     | 5 8 |  8.4
Earth Magic    | 5 8 |  8.3

Action                   |  1- 3 |  4- 6 |  7- 9 | 10-12 | 13-15 || total
-------------------------+-------+-------+-------+-------+-------++-------
Melee: Unarmed           |     1 |     2 |     4 |    13 |       ||    20
       Bite              |       |       |     1 |       |       ||     1
 Cast: Magic Dart        |    23 |    14 |     2 |       |       ||    39
       Searing Ray       |    25 |    64 |    82 |   115 |       ||   286
       Fulminant Prism   |       |       |    19 |    63 |       ||    82
       Bolt of Magma     |       |       |       |   206 |    37 ||   243
       Fireball          |       |       |       |    12 |    19 ||    31
Evoke: Wand              |       |       |       |    16 |     3 ||    19
  Use: Scroll            |     4 |     2 |     3 |    20 |     5 ||    34
       Potion            |       |     2 |       |     3 |       ||     5
 Stab: Sleeping          |       |     2 |     1 |     3 |       ||     6
Armor: Skin              |     3 |     4 |     8 |    22 |     2 ||    39
Dodge: Dodged            |    16 |    28 |    83 |   316 |    28 ||   471

Table legend: (Time is in decaauts)
 A = Elapsed time spent in this place.
 B = Non-inter-level travel time spent in this place.
 C = Inter-level travel time spent in this place.
 D = Time resting spent in this place.
 E = Time spent auto-exploring this place.
 F = Levels seen in this place.
 G = Mean time per level.
                   A        B        C        D        E       F      G
               +--------+--------+--------+--------+--------+-----+--------+
         Total |  30606 |  29173 |   1433 |   7468 |  17165 |  22 | 1391.2 |
       Dungeon |  17585 |  16965 |    620 |   3496 |  11058 |  13 | 1352.7 |
        Temple |    137 |    125 |     12 |     43 |     67 |   1 |  137.0 |
          Lair |  11625 |  10824 |    801 |   3635 |   5204 |   6 | 1937.5 |
  Orcish Mines |      6 |      6 |      0 |      0 |      1 |   1 |    6.0 |
         Sewer |   1251 |   1251 |      0 |    294 |    834 |   1 | 1251.0 |
               +--------+--------+--------+--------+--------+-----+--------+

Top non-repeatable levels by time:
  Lair:4: 3364 daAuts
    D:10: 2904 daAuts
  Lair:2: 2745 daAuts
  Lair:3: 2102 daAuts
     D:7: 2048 daAuts
     D:9: 1919 daAuts
  Lair:5: 1823 daAuts
     D:6: 1794 daAuts
     D:4: 1561 daAuts
  Lair:1: 1490 daAuts
    D:11: 1436 daAuts
     D:3: 1393 daAuts
     D:5: 1314 daAuts
   Sewer: 1251 daAuts
    D:12: 1068 daAuts
